[Event "Late-Titled-Tuesday-Blitz-May-07-2024"]
[Site "Chess.com"]
[Date "2024.05.07"]
[Round "3"]
[White "Yaacovn"]
[Black "ViralduS"]
[Result "1-0"]
[WhiteElo "2847"]
[BlackElo "2633"]
[TimeControl "180+1"]
[EndTime "14:27:24 PDT"]
[Termination "Yaacovn won by resignation"]

1. d4 Nf6 2. e3 c5 3. c3 g6 4. Nf3 Qc7 5. Be2 Bg7 6. O-O O-O 7. b3 d5 8. Ba3 b6 9. Nbd2 Bb7 10. Rc1 Nbd7 11.
c4 dxc4 12. Nxc4 Rac8 13. Qc2 Qb8 14. Qb1 Ne4 15. Bb2 Ndf6 16. dxc5 Rxc5 17. Bd4 Rd5 18. Qb2 Rfd8 19. h3 Ng5 20. Nce5 Ne6 21. Bc4 R5d6 22.
Nxf7 Bxf3 23. Nxd8 Qxd8 24. gxf3 Kh8 25. Be5 Rc6 26.
Rfd1 Qf8 27. f4 g5 28. Bxe6 Rxe6 29. fxg5 Nh5 30. Bxg7+ Nxg7 31. Qd4 Rg6 32. h4 h6 33. Qe4 Qf7 34. Rc8+ Kh7 35. Rdd8 1-0

[Event "Late-Titled-Tuesday-Blitz-May-07-2024"]
[Site "Chess.com"]
[Date "2024.05.07"]
[Round "3"]
[White "Walter_White_Poland"]
[Black "Alina_Gumerovna"]
[Result "1-0"]
[WhiteElo "2428"]
[BlackElo "2174"]
[TimeControl "180+1"]
[EndTime "14:27:26 PDT"]
[Termination "Walter_White_Poland won on time"]

1. e4 e5 2. Nf3 Nf6 3. d4 Nxe4 4. Bd3 d5 5. Nxe5 Nd7 6. Nxd7 Bxd7 7. O-O Bd6 8. Re1 O-O 9. Bxe4 dxe4 10. Rxe4 Bc6 11. Re1 Qh4 12. h3 Rad8 13. Nc3 Bc5 14. Be3 Bxd4 15.
Qg4 Qxg4 16. hxg4 Bxc3 17. bxc3 b6 18. f3 f6 19. Kf2 Kf7 20. Red1 h6 21. Bf4 Rxd1 22.
Rxd1 Rc8 23. Rd4 Be8 24. Ke3 g5 25. Bg3 c5 26. Rd6 Ba4 27. Kd2 Ke7 28. c4 Rd8 29. Rxd8 Kxd8 30. Bd6 Kd7 31. Bf8 Ke6 32. Bxh6 Bc6 33.
Bf8 Kf7 34. Bd6 1-0

[Event "Late-Titled-Tuesday-Blitz-May-07-2024"]
[Site "Chess.com"]
[Date "2024.05.07"]
[Round "3"]
[White "1800_strength"]
[Black "Balla_Tamas"]
[Result "0-1"]
[WhiteElo "2781"]
[BlackElo "2529"]
[TimeControl "180+1"]
[EndTime "14:27:28 PDT"]
[Termination "Balla_Tamas won by resignation"]

1. a4 e5 2. Ra3 Bxa3 3. Nxa3 d5 4. b3 Nf6 5. Bb2 O-O 6. g3 Re8 7. Bg2 c5 8. e3 Nc6 9. Ne2 Bf5 10. O-O Rc8 11.
h3 a6 12. f4 Be4 13. fxe5 Nxe5 14. Qa1 Bxg2 15. Kxg2 Qe7 16. Rf5 d4 17. exd4 cxd4 18. Nxd4 Qd7 19. d3 Qd5+ 20. Kg1 Rcd8 21. Nc4 b5 22.
axb5 axb5 23. Nxe5 Rxe5 24. Nc6 Qc5+ 25. Bd4 Rxd4 26.
Qxd4 Rxf5 27. Qxc5 Rxc5 28. Nd4 Nd5 29. Kf2 Nb4 30.
c4 Nxd3+ 31. Ke3 bxc4 32. bxc4 Nb2 0-1

[Event "Late-Titled-Tuesday-Blitz-May-07-2024"]
[Site "Chess.com"]
[Date "2024.05.07"]
[Round "3"]
[White "emeli_chess"]
[Black "dlp300"]
[Result "0-1"]
[WhiteElo "2442"]
[BlackElo "2648"]
[TimeControl "180+1"]
[EndTime "14:27:28 PDT"]
[Termination "dlp300 won by resignation"]

1. d4 d5 2. c4 c6 3. Nc3 Nf6 4. e3 e6 5. Nf3 Bd6 6. Bd3 O-O 7. O-O Nbd7 8. e4 dxc4 9. Bxc4 e5 10. Bg5 h6 11.
Bxf6 Qxf6 12. d5 c5 13. Nb5 Bb8 14. d6 Nb6 15. b3 Rd8 16. Qd3 Bxd6 17. Rad1 Be7 18.
Qc3 Rxd1 19. Rxd1 Bg4 20. Be2 a6 21. Nc7 Rc8 22. Nd5 Nxd5 23. Rxd5 Be6 24. Rd1 Bg4 25. h3 Bxf3 26. Bxf3 b5 27. Bg4 Rc7 28. Rd5 c4 29. bxc4 Rxc4 30. Qd3 Bc5 31. Bf5 g6 32.
Rd8+ Kg7 33. Bg4 Qxf2+ 34. Kh2 Qf4+ 0-1

[Event "Late-Titled-Tuesday-Blitz-May-07-2024"]
[Site "Chess.com"]
[Date "2024.05.07"]
[Round "3"]
[White "semchik90"]
[Black "Zq1"]
[Result "1-0"]
[WhiteElo "2432"]
[BlackElo "2607"]
[TimeControl "180+1"]
[EndTime "14:27:29 PDT"]
[Termination "semchik90 won by resignation"]

1. Nf3 Nf6 2. c4 c5 3. e3 g6 4. d4 cxd4 5. exd4 d5 6. Nc3 Bg7 7. c5 O-O 8. Be2 b6 9. cxb6 axb6 10. O-O Ba6 11. Bxa6 Rxa6 12. Qb3 e6 13. Ne5 Nfd7 14.
f4 Nxe5 15. fxe5 Nc6 16. Be3 Na5 17. Qb5 Qa8 18. b3 Nc6 19. Na4 Ra5 20. Qe2 Qa6 21. Qxa6 Rxa6 22. Rfc1 Ne7 23. Rc7 Nf5 24. Bf2 h5 25. Rac1 b5 26. Nc3 Bh6 27. Rc2 Rb8 28. Rc5 Ne3 29. Re2 Ng4 30. Rxb5 Rc8 31. Rc5 Rxc5 32.
dxc5 Nxf2 33. Kxf2 Bf8 34. b4 Ra3 35. Rc2 d4 36.
Nb5 Ra8 37. Nxd4 1-0

[Event "Late-Titled-Tuesday-Blitz-May-07-2024"]
[Site "Chess.com"]
[Date "2024.05.07"]
[Round "3"]
[White "manmanlai1"]
[Black "AreYouTokkieToMe"]
[Result "1-0"]
[WhiteElo "2580"]
[BlackElo "2316"]
[TimeControl "180+1"]
[EndTime "14:27:29 PDT"]
[Termination "manmanlai1 won by resignation"]

1. e4 d5 2. exd5 Nf6 3. d4 Bg4 4. Be2 Bxe2 5. Qxe2 Qxd5 6. Nf3 Nc6 7. c3 O-O-O 8. O-O e6 9. Bf4 h6 10. Nbd2 g5 11.
Be5 Nxe5 12. Nxe5 Rh7 13. b4 Nd7 14. Nxd7 Rxd7 15. a4 Bd6 16. Nc4 h5 17. b5 g4 18.
a5 h4 19. b6 a6 20. bxc7 Bxc7 21. Ne3 Qd6 22. Nxg4 f5 23. Ne5 Rdg7 24. f3 Rg8 25. Rf2 Rhg7 26. h3 Qd5 27. Rd1 Rd8 28. c4 Qxa5 29. c5 Qc3 30. c6 Rxd4 31. cxb7+ Kxb7 32. Qb2+ Qxb2 33. Rxb2+ Ka8 34. Rxd4 Bxe5 35. Rd8+ 1-0

[Event "Late-Titled-Tuesday-Blitz-May-07-2024"]
[Site "Chess.com"]
[Date "2024.05.07"]
[Round "3"]
[White "Oleksandr_Bortnyk"]
[Black "KNVB"]
[Result "1-0"]
[WhiteElo "3065"]
[BlackElo "2801"]
[TimeControl "180+1"]
[EndTime "14:27:33 PDT"]
[Termination "Oleksandr_Bortnyk won on time"]

1. e4 a5 2. d4 Ra6 3. Bxa6 Nxa6 4. Nf3 e6 5. c4 b6 6. O-O Bb7 7. Nc3 Bb4 8. Re1 Bxc3 9. bxc3 Ne7 10. Ng5 f6 11.
Nh3 O-O 12. Qh5 Nb8 13. Rb1 f5 14. d5 e5 15. Bg5 d6 16. exf5 Nd7 17. Bxe7 Qxe7 18.
Ng5 Nf6 19. Qh4 h6 20. Ne6 Rf7 21. f4 e4 22. g4 Ba6 23. g5 Ne8 24. Rxe4 Rxf5 25.
Rbe1 Qd7 26. Nd4 Rf8 27. Re7 Qd8 28. gxh6 Bxc4 29. hxg7 Nxg7 30. Rxg7+ Kxg7 31. Ne6+ Kf7 32. Nxd8+ Rxd8 33. Qxd8 1-0

[Event "Late-Titled-Tuesday-Blitz-May-07-2024"]
[Site "Chess.com"]
[Date "2024.05.07"]
[Round "3"]
[White "stasOR4ik"]
[Black "ellatambien"]
[Result "0-1"]
[WhiteElo "2471"]
[BlackElo "2682"]
[TimeControl "180+1"]
[EndTime "14:27:33 PDT"]
[Termination "ellatambien won by resignation"]

1. e4 e5 2. Nf3 Nc6 3. Bb5 a6 4. Ba4 Nf6 5. O-O Bc5 6. c3 b5 7. Bc2 d6 8. d4 Ba7 9. h3 Bb7 10. Be3 O-O 11. Nbd2 Re8 12. Re1 exd4 13. cxd4 Nb4 14.
Bb1 Nxe4 15. a3 Nxd2 16. Qxd2 Bxf3 17. axb4 Bb7 18. Qd3 Be4 19. Qc3 Bb6 20. Bxe4 Rxe4 21. Qc6 Qe8 22. Qb7 h6 23. Rxa6 Rxa6 24. Qxa6 Bxd4 25. Qa3 Bxe3 26. Rxe3 Rxe3 27. fxe3 Qe4 28. Kf2 g5 29. Qc3 c6 30. Qf6 Qe6 31. Qd8+ Kg7 32. Qa8 Qf6+ 33. Kg1 Qxb2 34. Qxc6 Qxb4 35. Qd5 Qc5 36.
Qd3 b4 37. h4 gxh4 38. Qe4 b3 39. Qg4+ Kf8 40. Qxh4 Qxe3+ 41. Kh1 b2 42. Qd8+ Kg7 43. Kh2 b1=Q 44. Qg5+ 0-1

[Event "Late-Titled-Tuesday-Blitz-May-07-2024"]
[Site "Chess.com"]
[Date "2024.05.07"]
[Round "3"]
[White "Arteler"]
[Black "HeroWilczek"]
[Result "0-1"]
[WhiteElo "2286"]
[BlackElo "2546"]
[TimeControl "180+1"]
[EndTime "14:27:33 PDT"]
[Termination "HeroWilczek won on time"]

1. d4 d5 2. c4 e5 3. dxe5 d4 4. e3 Bb4+ 5. Bd2 dxe3 6. fxe3 Qh4+ 7. g3 Qe4 8. Qf3 Bxd2+ 9. Nxd2 Qxe5 10. Qe4 Nc6 11.
Qxe5+ Nxe5 12. Ngf3 Nxf3+ 13. Nxf3 Nf6 14. Bg2 Be6 15.
O-O O-O-O 16. b3 Rd3 17. Rfe1 Rhd8 18. Nd4 c5 19. Nxe6 fxe6 20. Bh3 Re8 21. Rad1 Rxd1 22.
Rxd1 Kc7 23. Bg2 b6 24. h3 e5 25. e4 Rd8 26. Rxd8 Kxd8 27. Kf2 Ke7 28. g4 Nd7 29. h4 Nf8 30. g5 Ne6 31. Bh3 Nf4 32. Bg4 Nd3+ 33. Ke3 Nc1 34. Bd1 Nxa2 35. h5 h6 36.
gxh6 gxh6 37. Kf3 Kf6 38. Kg4 Nc3 39. Bc2 Ne2 40. Kf3 Nd4+ 0-1

[Event "Late-Titled-Tuesday-Blitz-May-07-2024"]
[Site "Chess.com"]
[Date "2024.05.07"]
[Round "3"]
[White "SHIVACalypso"]
[Black "FabianoCaruana"]
[Result "0-1"]
[WhiteElo "2534"]
[BlackElo "3076"]
[TimeControl "180+1"]
[EndTime "14:27:34 PDT"]
[Termination "FabianoCaruana won on time"]

1. d4 Nf6 2. c4 d6 3. Nf3 g6 4. g3 Bg7 5. Bg2 O-O 6. O-O c6 7. Nc3 Bf5 8. Nh4 Be6 9. b3 a5 10. Bb2 d5 11. Qd3 Na6 12. a3 Nc7 13. e4 dxe4 14. Nxe4 Nxe4 15. Bxe4 a4 16. b4 b5 17. cxb5 cxb5 18. Bxa8 Qxa8 19. Rac1 Rc8 20. Rfe1 Qb7 21. Ng2 Bc4 22. Rxc4 bxc4 23. Qxc4 Nb5 24. Qd3 e6 25. Ne3 Rd8 26. Qc2 Bxd4 27. Rd1 Rc8 28. Nc4 e5 29.
Bxd4 Nxd4 30. Qd3 Nf3+ 31. Kf1 Nxh2+ 32. Kg1 Nf3+ 33. Kf1 Nd4 34. Kg1 Qf3 35. Qxf3 Nxf3+ 36. Kg2 Rxc4 37. Kxf3 Rc3+ 38. Ke4 Rxa3 39. Kxe5 Rb3 40.
f4 Rxb4 41. Kf6 Rb6+ 42. Kg5 Kg7 43. f5 Ra6 44. Ra1 f6+ 45. Kf4 a3 46. fxg6 hxg6 0-1

[Event "Late-Titled-Tuesday-Blitz-May-07-2024"]
[Site "Chess.com"]
[Date "2024.05.07"]
[Round "3"]
[White "super_emi_26"]
[Black "GMMikhailKazakov"]
[Result "1-0"]
[WhiteElo "2847"]
[BlackElo "2518"]
[TimeControl "180+1"]
[EndTime "14:27:34 PDT"]
[Termination "super_emi_26 won on time"]

1. b3 e5 2. Bb2 d6 3. e3 c5 4.
Nc3 Nc6 5. Nf3 Nf6 6. d4 cxd4 7.
exd4 e4 8. d5 exf3 9. dxc6 bxc6 10. Qxf3 d5 11. O-O-O Be7 12. h3 O-O 13. g4 Be6 14. g5 Nd7 15. h4 a5 16. Re1 d4 17.
Ne4 c5 18. Rg1 a4 19. h5 axb3 20. axb3 Ra2 21. Bd3 Kh8 22. h6 g6 23. Nd2 Qa5 24.
Nc4 Ra1+ 25. Bxa1 Qxa1+ 26. Kd2 Qc3+ 27. Ke2 Bxc4 28. bxc4 Ne5 29. Qe4 f6 30. Kf1 Bd6 31. Rg3 fxg5 32. Re2 Qa1+ 33. Kg2 Qa7 34. Rxg5 Nf3 35.
Rd5 Nh4+ 36. Qxh4 1-0

[Event "Late-Titled-Tuesday-Blitz-May-07-2024"]
[Site "Chess.com"]
[Date "2024.05.07"]
[Round "3"]
[White "Cambek64"]
[Black "Harsha_Bharathakoti"]
[Result "0-1"]
[WhiteElo "2522"]
[BlackElo "2946"]
[TimeControl "180+1"]
[EndTime "14:27:36 PDT"]
[Termination "Harsha_Bharathakoti won by resignation"]

1. e3 d5 2. d4 Nf6 3. c4 e6 4. Nc3 c6 5. Nf3 a6 6. Qc2 Nbd7 7. b3 Bd6 8. Bb2 O-O 9. Be2 b6 10. O-O Bb7 11. e4 dxe4 12. Nxe4 Nxe4 13. Qxe4 Nf6 14.
Qc2 c5 15. dxc5 Bxc5 16. Rad1 Qe7 17. Ne5 Rfd8 18. Rxd8+ Rxd8 19. Rd1 Ne4 20. Nd3 Bd6 21. Bf3 Qc7 22. g3 Ng5 23. Bxb7 Qxb7 24. Ne1 Nh3+ 25. Kf1 Qh1+ 26. Ke2 Ng1+ 27. Kf1 Nh3+ 28. Ke2 Qxh2 29. Bd4 Bxg3 30. Bxb6 Nf4+ 31. Kf3 Rxd1 32. Qxd1 Qh5+ 33. Kxg3 Qxd1 34. Kxf4 Qxe1 35. Be3 f6 36. Ke4 Qe2 37. Kd4 Qxa2 38. b4 e5+ 39. Kc5 h5 40.
Kb6 Qxc4 0-1

[Event "Late-Titled-Tuesday-Blitz-May-07-2024"]
[Site "Chess.com"]
[Date "2024.05.07"]
[Round "3"]
[White "cycygogne"]
[Black "ExchangeAB"]
[Result "0-1"]
[WhiteElo "2154"]
[BlackElo "2425"]
[TimeControl "180+1"]
[EndTime "14:27:36 PDT"]
[Termination "ExchangeAB won by resignation"]

1. e4 c6 2. d4 d5 3. Nc3 dxe4 4. Nxe4 Nf6 5. Nxf6+ exf6 6. c3 Bd6 7. Bd3 O-O 8.
Qc2 Re8+ 9. Ne2 h6 10. O-O Nd7 11. Bd2 Nf8 12. Rae1 Bd7 13. f4 Qc7 14. c4 c5 15. d5 a6 16. b3 b5 17. Qd1 Bg4 18.
h3 Bd7 19. Ng3 Ng6 20. Nh5 Qb7 21. Qc2 Nf8 22. Bc1 a5 23. Bb2 Rxe1 24. Rxe1 bxc4 25. bxc4 Qb4 26. Re3 Ba4 27. Qf2 Ng6 28. Rg3 Rb8 29. Bxf6 gxf6 30. Nxf6+ Kg7 31. Nh5+ Kf8 32. Bxg6 fxg6 33.
Nf6 Qb1+ 34. Kh2 Qf5 35. Ng4 h5 36. Nh6 Qxf4 0-1

[Event "Late-Titled-Tuesday-Blitz-May-07-2024"]
[Site "Chess.com"]
[Date "2024.05.07"]
[Round "3"]
[White "Zhigalko_Sergei"]
[Black "ReadySkate"]
[Result "1-0"]
[WhiteElo "2891"]
[BlackElo "2699"]
[TimeControl "180+1"]
[EndTime "14:27:37 PDT"]
[Termination "Zhigalko_Sergei won by resignation"]

1. e4 c5 2. Nf3 e6 3. c3 d5 4. e5 d4 5. Bd3 Nc6 6. O-O Nge7 7. Re1 Ng6 8. g3 Qc7 9. Qe2 Bd7 10. h4 O-O-O 11. Na3 a6 12. Nc4 f6 13.
Bxg6 hxg6 14. d3 g5 15. exf6 gxf6 16. hxg5 e5 17. gxf6 Bf5 18. Ng5 Bh6 19. Qf3 Bd7 20. Nf7 Bxc1 21. Raxc1 Be6 22. Nxd8 Qxd8 23. Nxe5 Bd5 24.
Qf5+ Kc7 25. Re4 Bxe4 26. dxe4 d3 27. Nf7 d2 28. Rd1 Qd3 29. Qf4+ Kb6 30. Nxh8 1-0

[Event "Late-Titled-Tuesday-Blitz-May-07-2024"]
[Site "Chess.com"]
[Date "2024.05.07"]
[Round "3"]
[White "GlavkonVVS"]
[Black "realburq"]
[Result "1-0"]
[WhiteElo "2676"]
[BlackElo "2341"]
[TimeControl "180+1"]
[EndTime "14:27:40 PDT"]
[Termination "GlavkonVVS won by resignation"]

1. c4 e5 2. Nc3 Nf6 3. g3 d5 4. cxd5 Nxd5 5. Bg2 Nf6 6. Nf3 Nc6 7. O-O h6 8. d3 Bd6 9. a3 O-O 10. b4 Bg4 11. h3 Be6 12. Bb2 Qd7 13. Kh2 Rfe8 14. Rc1 Rad8 15. Nd2 h5 16. Nce4 Nxe4 17.
Nxe4 h4 18. Nc5 Bxc5 19. Rxc5 f6 20. gxh4 Nd4 21. Bxd4 Qxd4 22. Rxc7 Qf4+ 23. Kg1 Qxh4 24.
Qc1 Bxh3 25. Qc4+ Qxc4 26. dxc4 Bxg2 27. Kxg2 Rd2 28. Rxb7 Rxe2 29. c5 e4 30. c6 Rc2 31.
b5 e3 32. Rxa7 Re5 33. c7 e2 34. Re1 Rc3 35. f4 Ree3 36. Ra8+ Kh7 37. c8=Q Rg3+ 38. Kh2 1-0

[Event "Late-Titled-Tuesday-Blitz-May-07-2024"]
[Site "Chess.com"]
[Date "2024.05.07"]
[Round "3"]
[White "Alexei_Gubajdullin"]
[Black "nitpicker"]
[Result "1/2-1/2"]
[WhiteElo "2554"]
[BlackElo "2277"]
[TimeControl "180+1"]
[EndTime "14:27:41 PDT"]
[Termination "Game drawn by repetition"]

1. Nf3 Nf6 2. g3 d5 3. Bg2 e6 4. O-O Be7 5. d3 b6 6. Nbd2 Bb7 7. e4 c5 8. e5 Nfd7 9. Re1 h6 10. h4 g5 11. hxg5 hxg5 12. Nh2 Qc7 13. Ng4 Nc6 14. Nf3 O-O-O 15. Bxg5 Bxg5 16. Nxg5 Ndxe5 17. Nxe5 Nxe5 18. Qe2 Nc6 19. c3 Rdg8 20. f4 e5 21. Bxd5 exf4 22.
Qg4+ Kb8 23. Qxf4 Qxf4 24. gxf4 f6 25. Bxg8 Rxg8 26. Kf2 fxg5 27. fxg5 Rxg5 28. Re8+ Kc7 29. Rg1 Rxg1 30. Kxg1 Ba6 31. Re3 Kd6 32. Kf2 Ne5 33. Ke2 Nxd3 34. Rxd3+ Bxd3+ 35. Kxd3 Kd5 36. a4 a5 37. b3 c4+ 38. bxc4+ Kc5 39. Kd2 Kxc4 40. Kc2 Kc5 41. Kd3 Kd5 42. c4+ Kc6 43. Kd2 Kc5 44.
Kc3 Kc6 45. Kd4 Kd6 46. Kd3 Kc5 47. Kc3 Kc6 48. Kd4 Kd6 49. Kd3 Kc5 50. Kc3 1/2-1/2

[Event "Late-Titled-Tuesday-Blitz-May-07-2024"]
[Site "Chess.com"]
[Date "2024.05.07"]
[Round "3"]
[White "martinmena"]
[Black "FredddieCroderg"]
[Result "0-1"]
[WhiteElo "2147"]
[BlackElo "2415"]
[TimeControl "180+1"]
[EndTime "14:27:41 PDT"]
[Termination "FredddieCroderg won by checkmate"]

1. c4 a5 2. Nc3 Na6 3. d4 d6 4. e4 e5 5. d5 Nc5 6. Be3 b6 7. Nf3 h5 8. Be2 h4 9. h3 f6 10. Nd2 g6 11. f4 Bh6 12. O-O exf4 13. Bxf4 Bxf4 14. Rxf4 Qe7 15. Bg4 Nd3 16. Rf3 Ne5 17. Rf4 Bxg4 18. hxg4 h3 19. g3 h2+ 20. Kh1 Qh7 21.
Nf3 g5 22. Nxe5 gxf4 23. Qa4+ Kf8 24. Nd7+ Ke7 25. Nxb6 cxb6 26. Qc6 Rd8 27. Re1 fxg3 28. Re2 Qh6 29. Nd1 Qf4 30. Re1 Qf3# 0-1

[Event "Late-Titled-Tuesday-Blitz-May-07-2024"]
[Site "Chess.com"]
[Date "2024.05.07"]
[Round "3"]
[White "Ditman2007"]
[Black "Lady_Nika"]
[Result "1-0"]
[WhiteElo "2694"]
[BlackElo "2487"]
[TimeControl "180+1"]
[EndTime "14:27:42 PDT"]
[Termination "Ditman2007 won by checkmate"]

1. e4 e6 2. d4 d5 3. Bd3 Nf6 4. e5 Nfd7 5. c3 c5 6. Ne2 Nc6 7. Nd2 Be7 8. O-O a6 9. Nf3 O-O 10. Nf4 b5 11. Bb1 Re8 12. Nh5 Nf8 13. h4 Bxh4 14.
dxc5 Be7 15. Be3 Ng6 16. Bd4 a5 17. Bd3 b4 18. Qa4 Bd7 19. Qc2 Qc7 20. Bxg6 hxg6 21. Nf4 bxc3 22. bxc3 Reb8 23. Nd3 a4 24. Rfb1 Na5 25.
Nd2 Bb5 26. Rb4 Bxd3 27. Qxd3 Bxc5 28. Rxa4 Qc6 29. Qc2 Bxd4 30. Rxd4 Rc8 31. Rc1 Rc7 32. Ra4 Rca7 33. Rb1 Nc4 34. Rxa7 Rxa7 35. Rb8+ Kh7 36. Nf3 f6 37. Qd3 f5 38. Ng5+ Kh6 39. Rh8+ Kxg5 40. Qg3# 1-0

[Event "Late-Titled-Tuesday-Blitz-May-07-2024"]
[Site "Chess.com"]
[Date "2024.05.07"]
[Round "3"]
[White "arenal72"]
[Black "sudtirolese06"]
[Result "0-1"]
[WhiteElo "2612"]
[BlackElo "2448"]
[TimeControl "180+1"]
[EndTime "14:27:42 PDT"]
[Termination "sudtirolese06 won by resignation"]

1. Nf3 g6 2. e4 Bg7 3. d4 c5 4.
dxc5 Qa5+ 5. Nc3 Nf6 6. Bd2 Qxc5 7. Bd3 Nc6 8. O-O O-O 9. a3 d6 10. h3 a5 11. Na4 Qh5 12. Nb6 Rb8 13. Re1 Be6 14.
Ng5 Qxd1 15. Raxd1 Ne5 16. Bf1 Nc6 17. Nxe6 fxe6 18.
Bc4 Kf7 19. f4 Rfd8 20. f5 gxf5 21. exf5 d5 22. fxe6+ Kg8 23. Nxd5 Nxd5 24. c3 b5 25. Be2 b4 26. axb4 axb4 27. Bf3 Ne5 28. Be4 bxc3 29. bxc3 Nc4 30. Bg5 Nf6 31. Bd3 Nb2 0-1

[Event "Late-Titled-Tuesday-Blitz-May-07-2024"]
[Site "Chess.com"]
[Date "2024.05.07"]
[Round "3"]
[White "grzechu96"]
[Black "Chessdreamer2020"]
[Result "1-0"]
[WhiteElo "2785"]
[BlackElo "2509"]
[TimeControl "180+1"]
[EndTime "14:27:44 PDT"]
[Termination "grzechu96 won by resignation"]

1. e4 d6 2. d4 Nf6 3. Nc3 c6 4. f4 d5 5. e5 Ng8 6. Be3 g6 7.
h3 h5 8. g3 Nh6 9. Nf3 Bf5 10.
Qd2 Nd7 11. O-O-O e6 12. Be2 c5 13. dxc5 Bxc5 14. Nd4 Bb4 15. a3 Ba5 16. b4 Bb6 17. g4 Be4 18. Nxe4 dxe4 19. Bb5 a6 20. Nxe6 Bxe3 21. Qxe3 fxe6 22. Bxd7+ Qxd7 23. Rxd7 Kxd7 24. Qxe4 Kc7 25. Qxg6 Rae8 26. Rd1 Re7 27. Qf6 1-0

[Event "Late-Titled-Tuesday-Blitz-May-07-2024"]
[Site "Chess.com"]
[Date "2024.05.07"]
[Round "3"]
[White "jup1978"]
[Black "LeninGuerra"]
[Result "1-0"]
[WhiteElo "2485"]
[BlackElo "2657"]
[TimeControl "180+1"]
[EndTime "14:27:44 PDT"]
[Termination "jup1978 won by checkmate"]

1. e4 c5 2. Nf3 e6 3. c3 Nc6 4. g3 g6 5. Bg2 Bg7 6. O-O Nge7 7. Re1 O-O 8. d3 d5 9. Nbd2 b6 10. e5 Bb7 11. Nf1 h6 12. h4 d4 13. c4 Qc7 14. Qe2 f6 15. exf6 Rxf6 16. N1h2 Raf8 17. Ng4 Rxf3 18. Bxf3 Rxf3 19. Qxf3 Ne5 20. Qf4 Nf3+ 21. Kf1 e5 22. Nxh6+ Kh7 23. Qf7 Qd7 24. Bg5 Nh2+ 25.
Ke2 Qa4 26. b3 Bf3+ 27. Kd2 Qb4+ 28. Kc2 Qc3+ 29. Kb1 Qxe1+ 30. Kb2 Qc3+ 31. Kb1 Qxd3+ 32. Kb2 Qc3+ 33. Ka3 Qb4+ 34. Kb2 Qc3+ 35. Ka3 Qxa1 36. Qxe7 Qc3 37. Qf7 d3 38. Qg8# 1-0

[Event "Late-Titled-Tuesday-Blitz-May-07-2024"]
[Site "Chess.com"]
[Date "2024.05.07"]
[Round "3"]
[White "KuzubovYuriy"]
[Black "secretworker2027"]
[Result "1-0"]
[WhiteElo "2948"]
[BlackElo "2656"]
[TimeControl "180+1"]
[EndTime "14:27:45 PDT"]
[Termination "KuzubovYuriy won by resignation"]

1. d4 Nf6 2. c4 e6 3. Nf3 Bb4+ 4. Bd2 Qe7 5. g3 O-O 6. Bg2 Bxd2+ 7. Qxd2 d6 8. Nc3 e5 9. O-O a5 10. h3 Nc6 11. e4 Re8 12. Rfe1 h6 13. Rad1 b6 14. Kh2 Bb7 15. d5 Nb8 16. Nh4 Bc8 17. Rf1 Na6 18. Rde1 Nc5 19. f4 a4 20. f5 Ba6 21. Qe2 Rac8 22.
Nf3 c6 23. dxc6 Rxc6 24. Rg1 Rec8 25. Rd1 Nb7 26. b3 axb3 27. axb3 Na5 28. Qb2 b5 29. Ra1 b4 30. Nd5 Nxd5 31. exd5 Rc5 32. Nd2 Bb7 33.
Ne4 Nxc4 34. bxc4 Rxc4 35. f6 Qd7 36. Ra7 Rc2 37. Qxb4 Qf5 38. Rxb7 R8c4 39. Qxc4 Rxc4 40. Nxd6 1-0

[Event "Late-Titled-Tuesday-Blitz-May-07-2024"]
[Site "Chess.com"]
[Date "2024.05.07"]
[Round "3"]
[White "MyDream003"]
[Black "Firouzja2003"]
[Result "0-1"]
[WhiteElo "2828"]
[BlackElo "3191"]
[TimeControl "180+1"]
[EndTime "14:27:47 PDT"]
[Termination "Firouzja2003 won on time"]

1. e4 c5 2. Nf3 d6 3. d4 cxd4 4. Nxd4 Nf6 5. Nc3 a6 6. f3 e5 7.
Nb3 Be6 8. Be3 h5 9. Qd2 Nbd7 10. Nd5 Nxd5 11. exd5 Bf5 12. Be2 Qh4+ 13. g3 Qf6 14.
O-O Be7 15. Na5 Rb8 16. c4 Qg6 17. Kh1 e4 18. Bf4 h4 19. g4 exf3 20. Bxf3 Bxg4 21. Bxg4 Qxg4 22. Rae1 Kf8 23. Qe3 Ne5 24. Bxe5 dxe5 25.
Qxe5 Re8 26. d6 Rh5 27. dxe7+ Kg8 28. Qc7 h3 29. Rf2 Rf5 30. Qb6 Rxe7 31. Ref1 Qe4+ 0-1

[Event "Late-Titled-Tuesday-Blitz-May-07-2024"]
[Site "Chess.com"]
[Date "2024.05.07"]
[Round "3"]
[White "chess123456s"]
[Black "crescentmoon2411"]
[Result "0-1"]
[WhiteElo "2643"]
[BlackElo "2883"]
[TimeControl "180+1"]
[EndTime "14:27:48 PDT"]
[Termination "crescentmoon2411 won by resignation"]

1. d4 d5 2. Nf3 e6 3. Bf4 Bd6 4. Bg3 c5 5. e3 Nc6 6. Nbd2 Nf6 7. c3 Qe7 8. Bd3 e5 9. dxe5 Nxe5 10. Nxe5 Bxe5 11.
O-O Bxg3 12. hxg3 O-O 13. c4 Bg4 14. Qc2 Rad8 15. cxd5 Rxd5 16. Ne4 Rh5 17. f3 Bd7 18. Rfd1 Bc6 19. Nxf6+ Qxf6 20. Be4 Qh6 21. Kf2 Re8 22.
Rd2 Rhe5 23. Rad1 Bxe4 24. fxe4 Qf6+ 25. Kg1 g6 26. Rf2 Qe6 27. Rdf1 Re7 28. Qc3 b6 29. Rf6 Qxa2 30. Rxf7 Qxf7 31. Rxf7 Kxf7 32. Qb3+ Kg7 33. Qc3 h5 34. Kf2 Kh7 35. Qd3 Rxe4 36. Qd8 Rxe3 37. g4 hxg4 38. Kg1 g3 0-1

[Event "Late-Titled-Tuesday-Blitz-May-07-2024"]
[Site "Chess.com"]
[Date "2024.05.07"]
[Round "3"]
[White "ChessSwole"]
[Black "Kiborg95"]
[Result "0-1"]
[WhiteElo "2622"]
[BlackElo "2830"]
[TimeControl "180+1"]
[EndTime "14:27:48 PDT"]
[Termination "Kiborg95 won by resignation"]

1. d4 d6 2. e4 Nf6 3. Nc3 e5 4. Nf3 Nbd7 5. Rg1 c6 6. g4 h6 7. h4 exd4 8. Qxd4 Qb6 9. Qc4 Ne5 10. Nxe5 dxe5 11. g5 hxg5 12. hxg5 Ng4 13. Qe2 Bc5 14.
Rxg4 Bxg4 15. Qxg4 Bxf2+ 16. Ke2 Rh4 17. Qf5 Rh2 18. Kf3 Bd4 19. Nd1 g6 20. Qf6 Qd8 21. c3 Qxf6+ 22. gxf6 Bb6 23. Kg3 Rh1 24. Ne3 Rd8 25.
Kg2 Rh4 26. Be2 Rxe4 27. Kf3 Rf4+ 28. Kg2 Rxf6 29. Ng4 Rf5 30. Be3 Bxe3 31. Nxe3 Rf4 32. Rd1 Rxd1 33. Bxd1 Ke7 34. Kg3 f5 35. Bf3 Ra4 36. Nd1 Rxa2 37. Be2 Kf6 38. Kf3 g5 39. Bc4 g4+ 40. Kg3 Ra1 41. Be2 Kg5 42. Nf2 f4+ 43.
Kg2 f3+ 44. Bxf3 gxf3+ 45. Kxf3 Kf5 46. Ke3 Re1+ 47. Kd2 Rf1 48. Nd3 b6 49. Nb4 c5 50.
Nd5 Rf2+ 51. Ke3 Rxb2 52. Ne7+ Ke6 53. Nc6 a5 0-1

[Event "Late-Titled-Tuesday-Blitz-May-07-2024"]
[Site "Chess.com"]
[Date "2024.05.07"]
[Round "3"]
[White "MKlose11"]
[Black "Chess_Star1234"]
[Result "1-0"]
[WhiteElo "2690"]
[BlackElo "2484"]
[TimeControl "180+1"]
[EndTime "14:27:49 PDT"]
[Termination "MKlose11 won by resignation"]

1. e4 e5 2. Nf3 Nc6 3. d4 exd4 4. Bc4 Bc5 5. Ng5 Nh6 6. Nxf7 Nxf7 7. Bxf7+ Kxf7 8.
Qh5+ g6 9. Qxc5 d6 10. Qb5 Kg7 11.
O-O Qe7 12. Nd2 Qe5 13. Qd3 Be6 14. a3 d5 15. f4 dxe4 16. Nxe4 Qd5 17. Ng3 Bf5 18.
Nxf5+ Qxf5 19. Qxf5 gxf5 20. Bd2 Rhe8 21. Rf3 Re2 22. Rd1 Kf7 23. Kf1 Re6 24. Be1 Re4 25.
g3 h5 26. Rb3 b6 27. Bf2 Rd8 28. Rb5 Ke6 29. Rb3 Ne7 30. Rbd3 c5 31. c3 Nc6 32.
b4 Rd5 33. cxd4 Nxd4 34. bxc5 bxc5 35. Rb1 Nc6 36. Rc3 Ra4 37. Bxc5 Nd4 38. Re1+ Kf6 39.
Rd1 Ke6 40. Rcd3 Rc4 41. Bxd4 1-0

[Event "Late-Titled-Tuesday-Blitz-May-07-2024"]
[Site "Chess.com"]
[Date "2024.05.07"]
[Round "3"]
[White "djano"]
[Black "Iuckyducky"]
[Result "0-1"]
[WhiteElo "2544"]
[BlackElo "2261"]
[TimeControl "180+1"]
[EndTime "14:27:49 PDT"]
[Termination "Iuckyducky won by resignation"]

1. e4 e5 2. Nf3 Nf6 3. Nxe5 d6 4. Nf3 Nxe4 5. Nc3 Nxc3 6. dxc3 Be6 7. Bd3 Be7 8. Be3 Nc6 9. Qe2 Bf6 10. O-O-O a5 11. a3 h6 12. Kb1 O-O 13. h4 Bg4 14. Rdg1 Ne5 15. Qd1 Rb8 16. Be2 Be6 17. g4 Nxg4 18. Nd4 Nxe3 19. fxe3 b5 20. Nc6 Qd7 21. Nxb8 Rxb8 22.
Bg4 b4 23. Bxe6 Qxe6 24. cxb4 axb4 25. b3 bxa3 26. Ka2 Qxe3 27. Qc1 Qc3 28. Rd1 Ra8 29. b4 Qc4+ 0-1